 Dungeon Crawl Stone Soup version 0.23.2-30-g0e89c35649 (webtiles) character file.

Game seed: 6741021072161376651

872 sankara the Covert (level 8, -4/51 HPs)
             Began as a Halfling Monk on June 22, 2019.
             Splashed by a jelly's acid (10 damage)
             ... on level 5 of the Dungeon.
             The game lasted 00:21:08 (5767 turns).

sankara the Covert (Halfling Monk)                  Turns: 5767, Time: 00:21:09

Health: -4/51      AC: -12   Str: 12    XL:     8   Next: 24%
Magic:  8/8        EV: 18    Int:  8    God:
Gold:   259        SH:  0    Dex: 19    Spells: 7/7 levels left

rFire    + . .     SeeInvis .   a - +0 falchion
rCold    . . .     Gourm    .   (shield restricted)
rNeg     . . .     Faith    .   g - +0 robe
rPois    .         Spirit   .   v - +1 helmet
rElec    .         Reflect  .   (no cloak)
rCorr    .         Harm     .   (no gloves)
MR       .....                  (no boots)
Stlth    ++++......             (no amulet)
HPRegen  0.17/turn              y - ring of wizardry {Wiz+, !d}
MPRegen  0.11/turn              (no ring)

@: corroded
A: small, fire resistance 1, mutation resistance 1
a: no special abilities


You were on level 5 of the Dungeon.
You were very hungry.

You visited 1 branch of the dungeon, and saw 5 of its levels.

You collected 259 gold pieces.

Inventory:

Hand Weapons
 a - a +0 falchion (weapon)
 b - a +0 dagger
   (You took it off a goblin on level 1 of the Dungeon)
 h - a +1 whip of venom
   (You took it off a kobold on level 1 of the Dungeon)
 k - a +1 hunting sling of freezing
   (You found it on level 1 of the Dungeon)
 o - a +2 hunting sling of velocity
   (You found it on level 1 of the Dungeon)
Missiles
 m - 12 poisoned needles
 p - 124 stones (quivered)
 q - 76 sling bullets
Armour
 g - a +0 robe (worn)
 v - a +1 helmet (worn)
   (You took it off Robin on level 3 of the Dungeon)
Jewellery
 i - an uncursed ring of teleportation {+/*tele, !d}
   (You found it on level 1 of the Dungeon)
 y - a ring of wizardry (left hand) {Wiz+, !d}
   (You found it on level 4 of the Dungeon)
Scrolls
 l - 4 scrolls of teleportation
 n - 3 scrolls of fog {unknown}
 s - a scroll of enchant weapon {unknown}
 u - a scroll of amnesia
 w - a scroll of magic mapping {unknown}
 A - a scroll of enchant armour
Potions
 d - 2 potions of degeneration {unknown}
 e - 3 potions of ambrosia
 f - 2 potions of flight
 j - 3 potions of curing
 r - a potion of heal wounds
 t - 2 potions of lignification {!q}
 z - a potion of resistance
Comestibles
 c - 11 rations


   Skills:
 - Level 2.6 Fighting
 + Level 2.9(4.2) Short Blades
 - Level 3.8(4.2) Long Blades
 - Level 2.0 Throwing
 + Level 4.6 Dodging
 + Level 8.7 Stealth


You had 7 spell levels left.
You didn't know any spells.
Your spell library was empty.

Dungeon Overview and Level Annotations

Branches:
Dungeon (5/15)
 Temple: D:4-7

Altars:
Qazlal


Innate Abilities, Weirdness & Mutations

You are small and have problems with some larger weapons.
You are somewhat resistant to further mutation.
Your flesh is heat resistant. (rF+)


Message History

The sky beast hits you. The sky beast shocks you.
You hit the sky beast.
The sky beast is almost dead.
The sky beast closely misses you.
You closely miss the sky beast.
The sky beast is almost dead.
The sky beast flickers out of sight!
Deactivating autopickup; reactivate with Ctrl-A.
Something hits you. Something shocks you.
You closely miss something. Something hits you but does no damage.
You miss something. Something hits you but does no damage.
You completely miss something. Something closely misses you.
You closely miss something. Something barely misses you.
You barely miss something. Something barely misses you.
You miss something. Something hits you but does no damage.
You miss something. Something hits you but does no damage. Something hits you.
Something shocks you.
You miss something.
A sky beast appears from thin air!
Reactivating autopickup.
The sky beast barely misses you.
You hit the sky beast.
You kill the sky beast!
You hit the orc.
The orc is moderately wounded.
You hit the orc but do no damage.
The orc is moderately wounded.
The orc misses you.
You barely miss the orc.
The orc is moderately wounded.
The orc splashes around in the water.
You hit the orc.
The orc is moderately wounded.
The orc splashes around in the water.
You completely miss the orc.
The orc is moderately wounded.
The orc misses you.
You riposte.
You hit the orc.
You kill the orc!
You hear a splash. x3
You hit the orc.
The orc is severely wounded.
The orc completely misses you.
You riposte.
You hit the orc.
The orc is almost dead.
You barely miss the orc.
The orc is almost dead.
The orc splashes around in the water.
You hit the orc.
You kill the orc!
You hear a splash. x2
You are feeling very hungry.
You hit the orc.
The orc is heavily wounded.
The orc hits you with a +0 flail.
* * * LOW HITPOINT WARNING * * *
You hit the orc.
You kill the orc!
You hear a splash.
The jackal zombie closely misses you.
You hit the jackal zombie.
The jackal zombie is severely damaged.
The jackal zombie bites you but does no damage.
You hit the jackal zombie.
The jackal zombie is almost destroyed.
The jackal zombie splashes around in the water.
You slash the jackal zombie!
You destroy the jackal zombie!
The orc throws a tomahawk.
The tomahawk hits you but does no damage.
You enter the shallow water.
Moving in this stuff is going to be slow.
The orc barely misses you. The jelly hits you but does no damage.
The orc hits you but does no damage. The jelly hits you but does no damage.
Items here: ( ))) ? [[ †† You see here 2 tomahawks.
You hit the orc.
The orc is heavily wounded.
The orc misses you.
You closely miss the orc.
The orc is heavily wounded.
The orc splashes around in the water.
You slash the orc!
You kill the orc!
You hear a splash.
You hit the jelly. The acid corrodes you!
Your hands burn!
* * * LOW HITPOINT WARNING * * *
The jelly is moderately wounded.
The jelly completely misses you.
You riposte.
You hit the jelly but do no damage.
The jelly is moderately wounded.
You hit the jelly. The acid corrodes you!
Your hands burn!
* * * LOW HITPOINT WARNING * * *
The jelly is heavily wounded.
The jelly closely misses you.
You riposte.
You hit the jelly but do no damage.
The jelly is heavily wounded.
You hit the jelly but do no damage. The acid corrodes you!
Your hands burn!
* * * LOW HITPOINT WARNING * * *
The jelly is heavily wounded.
The jelly hits you.
* * * LOW HITPOINT WARNING * * *
The acid corrodes you!
You are splashed with acid!
You die...

. ... ... . # #.. #. ..##
##.. ##.##...###..#
##...# #...#..# #.....#
#...#### .......
##..J@.#######
.......###..###.......###
......o(#..## #..........
....o.$.#..# ##......#
.....o..(.## ##.....#
.........## ###....##
.......... #.......##
.........## ##..).....#
#........# #.........##


You could see a jelly.

Vanquished Creatures
  Sigmund (D:3)
  A sky beast (D:5)
  An ogre (D:4)
  A scorpion (D:4)
  3 hounds
  2 orc wizards
  An orc priest (D:5)
  A bullfrog skeleton (D:4)
  Jessica (D:3)
  An iguana (D:4)
  3 hound skeletons (D:4)
  Robin (D:3)
  2 gnolls
  5 adders
  A shadow imp (D:4)
  An adder skeleton (D:4)
  3 worms
  4 leopard geckos
  8 orcs
  3 giant cockroaches
  18 goblins
  9 hobgoblins
  11 jackals
  2 quokkas (D:3)
  7 bats
  2 frilled lizards
  A jackal zombie (D:5)
  8 kobolds
  7 rats
109 creatures vanquished.

Notes
Turn   | Place    | Note
-------+----------+-------------------------------------------
     0 | D:1      | sankara the Halfling Monk began the quest for the Orb.
     0 | D:1      | Reached XP level 1. HP: 15/15 MP: 1/1
    89 | D:1      | Reached skill level 3 in Stealth
    89 | D:1      | Reached XP level 2. HP: 14/20 MP: 2/2
   481 | D:1      | Reached XP level 3. HP: 25/25 MP: 3/3
   624 | D:1      | Reached skill level 1 in Short Blades
   752 | D:1      | Reached skill level 4 in Stealth
  1389 | D:2      | Reached XP level 4. HP: 24/30 MP: 4/4
  1969 | D:3      | Reached skill level 2 in Short Blades
  2112 | D:3      | Noticed Robin
  2158 | D:3      | Killed Robin
  2158 | D:3      | Reached skill level 5 in Stealth
  2279 | D:3      | Reached XP level 5. HP: 35/35 MP: 5/5
  2639 | D:3      | Noticed Jessica
  2824 | D:3      | Killed Jessica
  2824 | D:3      | Reached skill level 6 in Stealth
  3364 | D:3      | Noticed Sigmund
  3378 | D:3      | Killed Sigmund
  3378 | D:3      | Reached skill level 7 in Stealth
  3378 | D:3      | Reached XP level 6. HP: 41/41 MP: 6/6
  3578 | D:3      | Reached XP level 7. HP: 43/45 MP: 7/7
  3898 | D:4      | Reached skill level 8 in Stealth
  3921 | D:4      | Reached skill level 1 in Throwing
  4040 | D:4      | HP: 9/45 [iguana (12)]
  4590 | D:4      | Found a stormy altar of Qazlal.
  4812 | D:4      | Gained mutation: Your flesh is heat resistant. (rF+)
                  | [potion of mutation]
  4848 | D:5      | Entered Level 5 of the Dungeon
  4854 | D:5      | Reached skill level 4 in Dodging
  5117 | D:4      | Reached skill level 2 in Throwing
  5117 | D:4      | Reached XP level 8. HP: 33/51 MP: 8/8
  5380 | D:4      | HP: 11/51 [shadow imp (2)]
  5755 | D:5      | HP: 12/51 [orc/+0 flail (6)]
  5766 | D:5      | HP: 9/51 [acid (4)]
  5767 | D:5      | Splashed by a jelly's acid

Skill      XL: |  1  2  3  4  5  6  7 |
---------------+----------------------+-----
Stealth        | 3 4 5 7 8 |  8.7
Short Blades   | 1 2 |  2.9
Throwing       | 2 |  2.0
Dodging        | 4 |  4.6
Fighting       | |  2.6
Long Blades    | |  3.8

Action                   |  1- 3 |  4- 6 |  7- 9 || total
-------------------------+-------+-------+-------++-------
Melee: Falchion          |    88 |   153 |   147 ||   388
       Dagger            |    14 |    24 |    60 ||    98
Throw: Stone             |       |     2 |     4 ||     6
  Use: Scroll            |     1 |     4 |     5 ||    10
       Potion            |       |     1 |     2 ||     3
 Stab: Sleeping          |     3 |     9 |     5 ||    17
  Eat: Chunk             |     2 |     7 |     6 ||    15
Armor: Robe              |    13 |    23 |    33 ||    69
Dodge: Dodged            |   123 |   164 |   144 ||   431
       Rpst.: Falchion   |    27 |    50 |    32 ||   109

Levels and vault maps discovered:
D:1:      dpeg_arrival_short_road, layout_loops_ring
D:2:      layout_rooms
D:3:      layout_basic, first_ration, uniq_sigmund, uniq_robin, uniq_jessica
D:4:      layout_rooms, nicolae_qazlal_eye_of_the_storm
D:5:      layout_cave_pods, fedhas_altar_fruit_tree

Table legend:
 A = Turns spent in this place as a percentage of turns spent in the entire game.
 B = Non-inter-level travel turns spent in this place as a percentage of non-inter-level travel turns spent in the entire game.
 C = Inter-level travel turns spent in this place as a percentage of turns spent in this place.
 D = Turns resting spent in this place as a percentage of non-inter-level travel turns spent in this place.
 E = Turns spent auto-exploring this place as a percentage of non-inter-level travel turns spent in this place.
 F = Non-inter-level travel turns spent in this place divided by the number of levels of this place that you've seen.
                   A       B       C       D       E      F
               +-------+-------+-------+-------+-------+----------------------
         Total | 100.0 | 100.0 |   4.5 |  39.6 |  34.7 | 1101.4
       Dungeon | 100.0 | 100.0 |   4.5 |  39.6 |  34.7 | 1101.4
               +-------+-------+-------+-------+-------+----------------------

Table legend:
 A = Kills in this place as a percentage of kills in entire the game.
 B = Kills by you in this place as a percentage of kills by you in the entire game.
 C = Kills by friends in this place as a percentage of kills by friends in the entire game.
 D = Other kills in this place as a percentage of other kills in the entire game.
 E = Experience gained in this place as a percentage of experience gained in the entire game.
 F = Experience gained in this place divided by the number of levels of this place that you have seen.
                   A       B       C       D       E      F
               +-------+-------+-------+-------+-------+----------------------
         Total | 100.0 | 100.0 |   N/A |   N/A | 100.0 | 249.2
       Dungeon | 100.0 | 100.0 |   N/A |   N/A | 100.0 | 249.2
               +-------+-------+-------+-------+-------+----------------------
